 Dungeon Crawl Stone Soup version 0.24-a0-350-g5b3daab (webtiles) character file.

Game seed: 13507261200449469276

191 FluxLux the Firebug (level 5, -4/30 HPs)
             Began as a Gargoyle Fire Elementalist on May 23, 2019.
             Slain by an ogre
             ... wielding a cursed -1 giant spiked club
              (16 damage)
             ... on level 3 of the Dungeon.
             The game lasted 00:12:30 (2374 turns).

FluxLux the Firebug (Gargoyle Fire Elementalist)    Turns: 2374, Time: 00:12:31

Health: -4/30      AC:  6    Str: 12    XL:     5   Next: 70%
Magic:  0/9        EV: 12    Int: 16    God:
Gold:   102        SH:  0    Dex: 10    Spells: 3/9 levels left

rFire    . . .     SeeInvis +   i - +0 dagger (elec)
rCold    . . .     Gourm    .   (no shield)
rNeg     + . .     Faith    .   a - +0 robe
rPois    ∞         Spirit   .   (no helmet)
rElec    +         Reflect  .   (no cloak)
rCorr    .         Harm     .   (no gloves)
MR       .....                  (no boots)
Stlth    ++........             (no amulet)
HPRegen  0.10/turn              j - ring of poison resistance
MPRegen  0.11/turn              f - ring of see invisible

@: about to teleport, very slightly contaminated
A: negative energy resistance 1, electricity resistance, unbreathing,
petrification resistance, rot immunity, AC +4
a: no special abilities


You were on level 3 of the Dungeon.
You were hungry.

You visited 1 branch of the dungeon, and saw 3 of its levels.

You collected 102 gold pieces.

Inventory:

Hand Weapons
 i - a +0 dagger of electrocution (weapon)
 k - a +0 hunting sling of freezing
 q - a +0 trident
Armour
 a - a +0 robe (worn)
 n - a +0 scale mail
Jewellery
 f - a ring of see invisible (right hand)
 j - a ring of poison resistance (left hand)
Scrolls
 e - a scroll of teleportation
 g - a scroll of enchant weapon {unknown}
 h - 4 scrolls of identify {unknown}
 l - a scroll of remove curse {unknown}
 s - a scroll of immolation {unknown}
 t - a scroll of noise {unknown}
Potions
 b - a potion of heal wounds {unknown}
 d - 3 potions of resistance {unknown}
 m - a potion of flight {unknown}
 o - a potion of agility {unknown}
 p - a potion of berserk rage {unknown}
Comestibles
 c - 5 rations
 r - a chunk of flesh


   Skills:
 * Level 2.1 Fighting
 + Level 0.4 Short Blades
   Level 0.9 Maces & Flails
 - Level 1.5 Dodging
 + Level 2.7 Stealth
 + Level 2.8 Spellcasting
 + Level 2.0 Conjurations
 * Level 4.4 Fire Magic


You had 3 spell levels left.
You knew the following spells:

 Your Spells              Type           Power        Failure   Level  Hunger
a - Flame Tongue          Conj/Fire      ##...        4%          1    #......
b - Conjure Flame         Conj/Fire      ##......     16%         3    ###....
c - Throw Flame           Conj/Fire      ##....       8%          2    ##.....

Your spell library contained the following spells:

 Spells                   Type           Power        Failure   Level  Hunger
 Inner Flame              Hex/Fire       #.......     22%         3    ###....
 Sticky Flame             Conj/Fire      ##......     45%         4    #####..
 Fireball                 Conj/Fire      ##........   80%         5    ######.


Dungeon Overview and Level Annotations

Branches:
Dungeon (3/15)

Altars:
Kikubaaqudgha


Innate Abilities, Weirdness & Mutations

You are resistant to torment.
Your stone body is resilient. (AC +4)
You are immune to poison.
You resist negative energy. (rN+)
You are resistant to electric shocks. (rElec)
You can survive without breathing.
You are immune to petrification.
You are immune to rotting.


Message History

You miscast Throw Flame.
You are very lightly contaminated with residual magic.
The air around you burns with energy!
Casting: Throw Flame (safe; 8% risk of failure)
Confirm with . or Enter, or press ? or * to list all spells.
You don't have enough magic to cast that spell.
Casting: Throw Flame (safe; 8% risk of failure)
Confirm with . or Enter, or press ? or * to list all spells.
Aiming: Flame Tongue (safe; 4% risk of failure)
Press: ? - help, Shift-Dir - straight line, f/p - ogre
Aim: an ogre, wielding a -1 giant spiked club The flame tongue hits the ogre.
The ogre is moderately wounded.
The ogre hits you with a cursed -1 giant spiked club!!
Ouch! That really hurt!
As you read the scroll labeled TULEPR OFYI, it crumbles to dust.
You feel strangely unstable.
It was a scroll of teleportation.
The ogre hits you with a cursed -1 giant spiked club!
Ouch! That really hurt!
You die...

## ...# #.#.# #......#....# #.#
..##..###O#.# #......#....###.##
.....#...#.####......#..........
#...#.###.##.....####..####.###
#.h#O###.##.....# #..##.....#
#..#.##.........# #..#.......
#gh#.##.........# ##.#.......
##..#O##.......[.# ##....._...
#..<#.##......@..# #..#.......
....###.###'##.O...# #..#.......
##.# #.# #.##...).####..##.....#
##.####.###.##...........####.###
(.O.......#.######...............
....#######.# #..........#..##
.... #.# ###..........## ....
#.########..........# # ....
#.#.....##..........# #


You could see an ogre.

Vanquished Creatures
  A scorpion (D:2)
  Jessica (D:3)
  4 adders
  A worm (D:3)
  A dart slug (D:1)
  3 leopard geckos
  6 orcs
  2 ball pythons (D:1)
  5 bats
  A giant cockroach (D:3)
  8 goblins
  11 hobgoblins
  4 jackals
  9 kobolds
  4 frilled lizards
  5 rats (D:1)
66 creatures vanquished.

Notes
Turn   | Place    | Note
-------+----------+-------------------------------------------
     0 | D:1      | FluxLux the Gargoyle Fire Elementalist began the quest for
                  | the Orb.
     0 | D:1      | Reached XP level 1. HP: 10/10 MP: 3/3
    72 | D:1      | Reached XP level 2. HP: 14/16 MP: 3/5
   309 | D:1      | Reached XP level 3. HP: 9/20 MP: 4/6
  1033 | D:2      | Learned a level 3 spell: Conjure Flame
  1127 | D:2      | Reached skill level 1 in Fighting
  1296 | D:2      | Reached XP level 4. HP: 25/25 MP: 4/7
  1361 | D:2      | Reached skill level 4 in Fire Magic
  1713 | D:3      | Reached XP level 5. HP: 28/30 MP: 1/8
  2066 | D:3      | Learned a level 2 spell: Throw Flame
  2067 | D:3      | Noticed Jessica
  2075 | D:3      | Killed Jessica
  2190 | D:3      | Found an ancient bone altar of Kikubaaqudgha.
  2324 | D:3      | Noticed an ogre
  2374 | D:3      | Slain by an ogre

Levels and vault maps discovered:
D:1:      minmay_arrival_solitary_statue, layout_basic
D:2:      layout_basic, minmay_misc_feat_ornament
D:3:      layout_basic, old_standard_altar, minmay_close_crescents, uniq_jessica

Skill      XL: |  1  2  3  4  5 |
---------------+----------------+-----
Fighting       | 1 2 |  2.1
Fire Magic     | 4 |  4.4
Conjurations   | 2 |  2.0
Short Blades   | |  0.4
Maces & Flails | |  0.9
Dodging        | |  1.5
Stealth        | |  2.7
Spellcasting   | |  2.8

Action                   |  1- 3 |  4- 6 || total
-------------------------+-------+-------++-------
Melee: Whip              |    60 |       ||    60
       Dagger            |    28 |    68 ||    96
 Cast: Flame Tongue      |    34 |    25 ||    59
       Conjure Flame     |     1 |     5 ||     6
       Throw Flame       |       |     5 ||     5
  Use: Scroll            |       |     1 ||     1
 Stab: Sleeping          |     2 |       ||     2
  Eat: Chunk             |     2 |     4 ||     6
Armor: Robe              |    29 |    24 ||    53
Dodge: Dodged            |    70 |    48 ||   118

Table legend:
 A = Non-vault XP
 B = Vault XP
 C = Vault XP percentage of total XP
 D = Non-vault monster count
 E = Vault monster count
 F = Vault count percentage of total count
                 A         B        C        D         E       F
            +---------+---------+-------+---------+---------+-------
      Total |     231 |      43 |  15.7 |      63 |       3 |   4.5
            +---------+---------+-------+---------+---------+-------
        D:1 |      54 |       0 |   0.0 |      30 |       0 |   0.0
        D:2 |     106 |       0 |   0.0 |      16 |       0 |   0.0
        D:3 |      71 |      43 |  37.7 |      17 |       3 |  15.0
            +---------+---------+-------+---------+---------+-------
